Cogmind - Beta 9.2 @@@ ROGUE MODE // 2019.11.14 @ 22:17:17 Player: Finestep Result: Destroyed by G-34 Mercenary with Small Laser Performance ------------- Evolutions (0) 0 Regions Visited (4) 800 Robots Destroyed (46) 230 Value Destroyed (831) 831 Prototype IDs (24) 480 Alien Tech Used (0) 0 Bonus (325) 325 TOTAL SCORE: 2666 Bonus ------- Follower Combat Kills 25 Aligned with FarCom 300 Cogmind --------- Core Integrity 0/250 Matter 220/300 Energy 99/100 System Corruption 6% Temperature Cool (6) Movement Treading (160) Location -9/Mines Parts ------- > --- POWER (1) -------- (None) > --- PROPULSION (2) --- Light Treads Improved Treads > --- UTILITY (2) ------ Large Storage Unit Large Storage Unit > --- WEAPON (2) ------- Assault Rifle > --- INVENTORY (16) --- Light Nuclear Core Improved Treads Improved Treads Improved Treads Medium Storage Unit High-capacity Battery (400) High-capacity Matter Pod (200) Light Armor Plating Medium Armor Plating Medium Armor Plating Medium Armor Plating Grenade Launcher Mining Laser Deploy-a-Sentry Deploy-a-Sentry Peak State ------------ > --- POWER ------------ Ion Engine > --- PROPULSION ------- Improved Treads Improved Treads > --- UTILITY ---------- Large Storage Unit Large Storage Unit > --- WEAPON ----------- Assault Rifle Assault Rifle > --- INVENTORY -------- Light Nuclear Core Improved Treads Improved Treads Medium Storage Unit High-capacity Battery High-capacity Matter Pod Light Armor Plating Medium Armor Plating Medium Armor Plating Medium Armor Plating Grenade Launcher Mining Laser Deploy-a-Sentry Deploy-a-Sentry Deploy-a-Sentry [Rating: 13] Favorites ----------- Power Ion Engine Engine Ion Engine Propulsion Compact Wheel Treads Improved Treads Wheel Compact Wheel Utility Large Storage Unit Storage Large Storage Unit Weapon Assault Rifle Energy Gun Medium Laser Ballistic Gun Assault Rifle Ballistic Cannon Light Cannon Launcher Grenade Launcher Special Weapon Mining Laser Build | -11 -10 -10 -10 -9 ------- Run | Scr Mat Min Exi Min Slots Evolved . | . . . . . Power . | . . . . . Propulsion . | . . . . . Utility . | . . . . . Weapon . | . . . . . Parts Attached 32 | 6 19 1 1 5 Power 3 | 1 2 . . . Engine 3 | 1 2 . . . Core . | . . . . . Reactor . | . . . . . Propulsion 7 | 2 3 . . 2 Treads 4 | . 2 . . 2 Leg . | . . . . . Wheel 3 | 2 1 . . . Hover . | . . . . . Flight . | . . . . . Utility 6 | 1 5 . . . Device . | . . . . . Storage 6 | 1 5 . . . Processor . | . . . . . Hackware . | . . . . . Protection . | . . . . . Artifact . | . . . . . Weapon 16 | 2 9 1 1 3 Energy Gun 2 | 1 . . . 1 Energy Cannon . | . . . . . Ballistic Gun 9 | 1 5 1 1 1 Ballistic Cannon 2 | . 2 . . . Launcher 1 | . . . . 1 Special Weapon 2 | . 2 . . . Impact Weapon . | . . . . . Slashing Weapon . | . . . . . Piercing Weapon . | . . . . . Special Melee Weapon . | . . . . . Unidentified Prototypes . | . . . . . Parts Lost 6 | . 2 . . 4 Power 1 | . . . . 1 Propulsion 2 | . 1 . . 1 Utility . | . . . . . Weapon 3 | . 1 . . 2 Highest Loss Streak 2 | . 1 . . 2 Average Slot Usage (%) 99 | . 98 100 100 99 Engine 13 | . 14 14 14 13 Treads 13 | . 6 14 14 23 Wheel 14 | . 21 14 14 4 Storage 27 | . 27 28 28 28 Energy Gun 3 | . 6 . . 3 Ballistic Gun 20 | . 12 28 28 24 Ballistic Cannon 3 | . 8 . . . Naked Turns . | . . . . . Heaviest Build 41 | 12 41 41 41 41 Greatest Support 46 | 32 32 16 16 46 Greatest Overweight (x) 2 | . 2 2 2 2 Average Overweight (x) 1 | . . 2 2 . Largest Inventory Capacity 16 | 6 16 16 16 16 Average Capacity 13 | 5 10 16 16 16 Most Carried 16 | 6 16 16 16 16 Average Carried 13 | 3 10 16 15 15 Final Capacity 16 | 6 16 16 16 16 Final Carried 16 | 6 16 16 15 15 Class Distribution -------------------- 87% | Mutant 12% | Scavenger-Mutant Dominant Class ---------------- Mutant | -10/Materials Mutant | -10/Mines Mutant | -10/Exiles Mutant | -9/Mines Resources | -11 -10 -10 -10 -9 ----------- Run | Scr Mat Min Exi Min Matter Collected 1283 | 262 661 140 4 216 Remotely . | . . . . . Salvage Created 1271 | 108 648 147 . 368 Parts 94 | 5 49 8 . 32 Haulers Intercepted 2 | . 2 . . . Recyclers Shooed 3 | . 2 . . 1 Parts Field Recycled . | . . . . . Retrieved Matter . | . . . . . Parts Self-Destructed . | . . . . . Prevented . | . . . . . Kills | -11 -10 -10 -10 -9 ------- Run | Scr Mat Min Exi Min Combat Hostiles Destroyed 28 | . 15 5 . 8 Guns 17 | . 6 5 . 6 Cannons 8 | . 8 . . . AOE 2 | . . . . 2 Classes Destroyed 9 | 2 6 . . 1 Worker 4 | . 3 . . 1 Builder 3 | . 2 . . 1 Tunneler 3 | 1 . . . 2 Hauler 2 | . 2 . . . Recycler 4 | 1 2 . . 1 Watcher 2 | . 2 . . . Swarmer 11 | . 5 3 . 3 Grunt 15 | . 10 2 . 3 Brawler 2 | . . . . 2 Best Kill Streak 9 | 2 9 3 . 5 Combat Bots Only 5 | . 5 3 . 3 Max Kills in Single Turn 2 | 1 2 2 . 2 Gunslinging 1 | . . 1 . . Exploded 1 | . . . . 1 Melee . | . . . . . Uniques/NPCs Destroyed . | . . . . . Combat | -11 -10 -10 -10 -9 -------- Run | Scr Mat Min Exi Min Damage Taken 1222 | . 506 207 . 509 Core 250 | . 145 22 . 83 Absorbed by Shields . | . . . . . Core Remaining (%) 100 | 100 . . . . Volleys Fired 152 | 2 93 14 . 43 Largest 2 | 2 2 2 . 2 Hottest 100 | 70 100 40 . 60 Shots Fired 289 | 4 177 28 . 80 Gun 209 | 4 100 28 . 77 Cannon 73 | . 73 . . . Launcher 3 | . . . . 3 Special 4 | . 4 . . . Kinetic 225 | 2 124 28 . 71 Thermal 61 | 2 53 . . 6 Explosive 3 | . . . . 3 Electromagnetic . | . . . . . Robot Hit Streak 16 | 3 16 6 . 10 Robot Miss Streak 5 | . 5 3 . 3 Penetration Max . | . . . . . Secondary Targets 4 | . . 2 . 2 Max Gunslinging Chain 1 | . . 1 . 1 Shots Hit Robots 177 | 3 103 19 . 52 Core Hits 76 | 3 44 7 . 22 Critical Hits . | . . . . . Critical Kills . | . . . . . Critical Parts Destroyed . | . . . . . Melee Attacks . | . . . . . Impact . | . . . . . Slashing . | . . . . . Piercing . | . . . . . Sneak Attacks . | . . . . . Combat Hostiles . | . . . . . Follow-up Attacks . | . . . . . Damage Inflicted 2553 | 35 1436 222 . 860 Guns 1609 | 35 700 222 . 652 Cannons 736 | . 736 . . . Explosions 208 | . . . . 208 Melee . | . . . . . Ramming . | . . . . . Kinetic 1891 | 10 1029 222 . 630 Thermal 454 | 25 407 . . 22 Explosive 208 | . . . . 208 Electromagnetic . | . . . . . Impact . | . . . . . Slashing . | . . . . . Piercing . | . . . . . Highest Corruption 6 | . 2 2 2 6 Average Corruption 2 | . 2 2 2 3 Corruption Purged . | . . . . . Effects 28 | . 8 3 6 11 Message Errors 10 | . 4 1 1 4 Matter Fused 2 | . . . . 2 Heat Flow Errors 6 | . 1 1 4 . Energy Discharges 2 | . 1 1 . . Data Loss (minor) 3 | . 1 . 1 1 Misfires 1 | . . . . 1 Targeting Errors 4 | . 1 . . 3 Overload Shots . | . . . . . Overflow Damage 53 | . 23 . . 30 Projectiles 23 | . 23 . . . Explosions 30 | . . . . 30 Melee . | . . . . . Knockbacks 10 | . 10 . . . Impact . | . . . . . Kinetic 10 | . 10 . . . Secondary . | . . . . . Self-Inflicted Damage 16 | . . . . 16 Shots 1 | . . . . 1 Rammed . | . . . . . Targets Rammed . | . . . . . Kicked . | . . . . . Crushed . | . . . . . Highest Temperature 250 | 30 234 138 250 20 Average Temperature 61 | 18 58 34 109 11 Received Heat Transfer 393 | . 219 54 . 120 Siege Activations . | . . . . . Robots Corrupted . | . . . . . Combat Hostiles . | . . . . . Parts Fried . | . . . . . Impact Corruptions . | . . . . . Robots Melted 1 | . 1 . . . Combat Hostiles 1 | . 1 . . . Parts Melted 2 | . 2 . . . Heat Transferred 1345 | 74 1221 . . 50 Parts Sabotaged . | . . . . . Parts Stolen . | . . . . . Parts Stripped . | . . . . . Power Chain Reactions . | . . . . . Missiles Intercepted . | . . . . . Alert | -11 -10 -10 -10 -9 ------- Run | Scr Mat Min Exi Min Peak Influence 284 | 10 284 129 . 70 Average Influence 62 | 4 87 93 . 21 Maximum Alert Level 1 | . 1 . . . Low Security (%) 95 | 100 91 100 . 100 Level 1 4 | . 8 . . . Level 2 . | . . . . . Level 3 . | . . . . . Level 4 . | . . . . . Level 5 . | . . . . . High Security . | . . . . . Max Security . | . . . . . Squads Dispatched 5 | . 5 . . . Investigation 4 | . 4 . . . Extermination . | . . . . . Reinforcement 1 | . 1 . . . Assault . | . . . . . Garrison . | . . . . . Intercept . | . . . . . Construction Impeded . | . . . . . Haulers Reinforced . | . . . . . Stealth | -11 -10 -10 -10 -9 --------- Run | Scr Mat Min Exi Min Distress Signals 1 | . 1 . . . Communications Jammed . | . . . . . Distress Signals . | . . . . . Times Spotted 40 | . 23 6 . 11 Peak Tracking Total 5 | . 5 3 . 4 Tactical Retreats 3 | . 2 1 . . Traps | -11 -10 -10 -10 -9 ------- Run | Scr Mat Min Exi Min Traps Triggered 2 | . 2 . . . Indirectly . | . . . . . Trap Hack Attempts . | . . . . . Triggered . | . . . . . Disarmed . | . . . . . Reprogrammed . | . . . . . Reused . | . . . . . Traps Extracted . | . . . . . Installed . | . . . . . Triggered . | . . . . . Machines | -11 -10 -10 -10 -9 ---------- Run | Scr Mat Min Exi Min Machines Disabled 1 | . 1 . . . Max in Single Turn 1 | . 1 . . . Machines Sabotaged . | . . . . . Garrisons Compromised . | . . . . . Overloaded Fab Kills . | . . . . . Fab Network Shutdowns . | . . . . . Hacking | -11 -10 -10 -10 -9 --------- Run | Scr Mat Min Exi Min Machines Accessed 11 | . 9 . 2 . Terminals 7 | . 7 . . . Fabricators . | . . . . . Repair Stations . | . . . . . Recycling Units 2 | . 2 . . . Scanalyzers . | . . . . . Garrison Access . | . . . . . Total Hacks 46 | . 22 . 24 . Successful 37 | . 13 . 24 . Failed 8 | . 8 . . . Catastrophic 1 | . 1 . . . Database Lockouts 1 | . 1 . . . Manual 12 | . 11 . 1 . Terminals 18 | . 18 . . . Fabricators . | . . . . . Repair Stations . | . . . . . Recycling Units 4 | . 4 . . . Scanalyzers . | . . . . . Garrison Access . | . . . . . Terminal Hacks 30 | . 6 . 24 . Record 23 | . . . 23 . Robot Schematic 1 | . 1 . . . Prototype ID Bank 1 | . 1 . . . Unreport Threat 1 | . 1 . . . Locate Traps 1 | . 1 . . . Recall Reinforcements 1 | . 1 . . . Zone Layout 1 | . 1 . . . EX-Prototype ID Bank 1 | . . . 1 . Fabricator Hacks . | . . . . . Repair Station Hacks . | . . . . . Recycling Unit Hacks 2 | . 2 . . . Retrieve Components 2 | . 2 . . . Scanalyzer . | . . . . . Garrison Access Hacks . | . . . . . Unauthorized Hacks 11 | . 11 . . . Terminals 3 | . 3 . . . Botnet 3 | . 3 . . . Fabricators . | . . . . . Repair Stations . | . . . . . Recycling Units 2 | . 2 . . . Tunnel 2 | . 2 . . . Scanalyzers . | . . . . . Garrison Access . | . . . . . Data Cores Recovered . | . . . . . Used . | . . . . . Hacking Detections 7 | . 7 . . . Full Trace Events . | . . . . . Feedback Events . | . . . . . Feedback Blocked . | . . . . . Robot Schematics Acquired 1 | . 1 . . . Robots Built . | . . . . . Matter . | . . . . . Time . | . . . . . Total Robot Build Rating . | . . . . . Part Schematics Acquired . | . . . . . Parts Built . | . . . . . Matter . | . . . . . Time . | . . . . . Total Part Build Rating . | . . . . . Parts Repaired . | . . . . . Time . | . . . . . Parts Recycled . | . . . . . Recycled Matter . | . . . . . Retrieved Matter . | . . . . . Retrieved Components 17 | . 17 . . . Parts Scanalyzed . | . . . . . Part Schematics Acquired . | . . . . . Parts Damaged . | . . . . . Bothacking | -11 -10 -10 -10 -9 ------------ Run | Scr Mat Min Exi Min Used RIF Installer . | . . . . . Robots Hacked . | . . . . . Non-combat . | . . . . . Combat . | . . . . . Robot Hacks Applied . | . . . . . Relay Couplers Released . | . . . . . Robots Rewired . | . . . . . Allies Hacked . | . . . . . Hacks Repelled . | . . . . . Allies | -11 -10 -10 -10 -9 -------- Run | Scr Mat Min Exi Min Total Allies . | . . . . . Largest Group . | . . . . . Highest-Rated Group . | . . . . . Highest-Rated Ally . | . . . . . Total Orders . | . . . . . Ally Attacks 1 | . . . . 1 Total Damage 42 | . . . . 42 Kills 1 | . . . . 1 Allies Corrupted . | . . . . . Allies Melted . | . . . . . Turrets Deployed 1 | . . . . 1 Intel | -11 -10 -10 -10 -9 ------- Run | Scr Mat Min Exi Min Robot Analysis Total . | . . . . . Derelict Logs Recovered 1 | . . . . 1 Drone Launches . | . . . . . Drone Recoveries . | . . . . . Exploration | -11 -10 -10 -10 -9 ------------- Run | Scr Mat Min Exi Min Turns Passed 3137 | 69 1204 346 619 899 Spaces Moved 2055 | 51 830 248 511 415 Core 5 | 5 . . . . Treads 208 | . . . . 208 Legs . | . . . . . Wheels 1842 | 46 830 248 511 207 Hover . | . . . . . Flight . | . . . . . Fastest Speed 50 | 50 100 120 120 120 Average Speed 117 | 95 105 120 120 140 Slowest Speed 160 | 100 120 120 120 160 Overloaded Moves . | . . . . . Propulsion Burnouts . | . . . . . Robots Hopped . | . . . . . Cave-ins Triggered . | . . . . . Exploration Rate (%) 52 | 3 91 28 78 63 Regions Visited 4 Branch Regions 3 Pre-discovered Areas 3 | . 2 . 1 . Known Exits Taken . | . . . . . Unknown Exits Taken 4 | 1 1 1 1 . Scrap Searched 1 | . . 1 . . Spaces Dug 2 | . 2 . . . Terrain Destroyed 26 | . 4 . . 22 Melee . | . . . . . Projectile 4 | . 4 . . . AOE 22 | . . . . 22 Actions | -11 -10 -10 -10 -9 --------- Run | Scr Mat Min Exi Min Total 2493 | 64 984 271 520 654 Wait 208 | . 14 6 . 188 Move 2051 | 50 829 247 510 415 Hop . | . . . . . Pick Up 27 | 6 14 1 4 2 Fast Attach 14 | 6 7 . . 1 Attach 3 | . 1 . 1 1 Detach . | . . . . . Swap 15 | . 11 1 . 3 Drop 23 | . 15 2 5 1 Fire 152 | 2 93 14 . 43 Melee . | . . . . . Ram . | . . . . . Kick . | . . . . . Crush . | . . . . . Escape Stasis . | . . . . . Rewire . | . . . . . Trap . | . . . . . Miscellaneous . | . . . . . Route ------- -11/Scrapyard -10/Materials (discovered 3 exits: [*Mat x2] / [*Min]) -10/Mines -10/Exiles -9/Mines History --------- Turn | Location | Event 23 | -11/Scrapyard | Discovered new exit (range 14) 70 | -11/Scrapyard | Entered Materials 278 | -10/Materials | Discovered new exit (range 13) 332 | -10/Materials | Build established: Mutant 681 | -10/Materials | Discovered new exit (range 9) 723 | -10/Materials | Core integrity fell below 50% 852 | -10/Materials | Discovered new exit (range 3) 893 | -10/Materials | Central database locked down 1062 | -10/Materials | Build established: Scavenger-Mutant 1274 | -10/Materials | Entered Mines 1453 | -10/Mines | Build established: Mutant 1509 | -10/Mines | Assembled infested the area 1514 | -10/Mines | Assisted by a Guerilla fighting off Assembled 1615 | -10/Mines | Deemed a non-threat by the Exiles lab entrance 1615 | -10/Mines | Discovered new exit (range 5) 1620 | -10/Mines | Entered Exiles 1652 | -10/Exiles | Met 8R-AWN 1671 | -10/Exiles | Met EX-HEX 1738 | -10/Exiles | Met EX-DEC 1788 | -10/Exiles | Visited The Gauntlet 1959 | -10/Exiles | Learned location of Zion (-6) 1981 | -10/Exiles | Met EX-BIN 2078 | -10/Exiles | Aligned with FarCom system 2079 | -10/Exiles | Given EX-Vault access code 2108 | -10/Exiles | Opened EX-Vault 2118 | -10/Exiles | Found Deploy-a-Sentry 2120 | -10/Exiles | Found Deploy-a-Sentry 2124 | -10/Exiles | Found Deploy-a-Sentry 2151 | -10/Exiles | Warned to stay clear of 0b10 Research branches 2226 | -10/Exiles | Discovered new exit (range 10) 2239 | -10/Exiles | Left Exiles lab with Deploy-a-Sentry 2239 | -10/Exiles | Entered Mines 3130 | -9/Mines | Core integrity fell below 20% 3138 | -9/Mines | DAS Turret deployed 3138 | -9/Mines | Destroyed by G-34 Mercenary with Small Laser Last Messages --------------- 03107_ U-05 Engineer destroyed. 03107_ Destroyed Flight Unit. 03108_ System corrupted: FCS attempts to trigger Grenade Launcher. 03108_ System corrupted: Grenade Launcher misfires. 03108_ T-07 Excavator destroyed. 03109_ S-10 Pest destroyed. 03112_ Ion Engine destroyed. 03118_ C-30 ARC bursts open, deploying its payload. 03118_ L-31 Rogue unfolds itself. 03121_ System corrupted: Assault Rifle targeting data glitched. 03121_ Destroyed Lgt. Ion Engine. 03124_ S-10 Pest destroyed. 03124_ Switching to secondary target: L-31 Rogue. 03125_ The unstable cave ceiling collapses. 03127_ System corrupted: Sml. Laser targeting data glitched. 03128_ Sml. Laser destroyed. 03134_ The unstable cave ceiling collapses. 03134_ Dropped Deploy-a-Sentry. 03138_ DAS Turret deployed. 03138_ G-34 Mercenary destroyed. Map ----- +----------------------------------------------------+ | | | | | | | | | | | ?????????????????????????????????????????????????? | | ?????????????????????????????????????????????????? | | ???????????????????????????###???????????????????? | | ??????????????????????????? ????????????????????? | | ?????????????????????????? ????????????????????? | | ?????????????????????????? ????????????????????? | | ?????????????????????????? ????????????????????? | | ???####???#####??????????? #????????????????????? | | ??## ##### ##?????????? =#????????????????????? | | ?## ## #?????????#[=##???????????????????? | | ## #????????? % ###?????????????????? | | # ######???? #?????????????????? | | #???# != ##????????????????? | | ###### #### #??## =*! # #????????????????? | | ##????## ##??# #??# #????????????????? | | ##??????####???# #??# # #????????????????? | | ##?????????????# #??# ###???????????????? | | #####?????????# #### ###?????? #????? | | ##????????# # ## ????? | | ## #######?## ???? | | ?## ### l@ ???? | | ??# #####% =gt #???? | | ??## ##???# ### *%%! #????? | | ???#####????# #?# # #?????? | | ###?????##### ### =%/ ## #?????? | | ##????# *!*|=##?###### ##?????? | | ##???# ########= ##????????# ##??????? | | #???# #??????#*##??????????# ### ##???????? | | ##### ####???# #???????????? #????#????????? | | ##### #????????????? #?????????????? | | ####### ![!%% *#?????????????? ?????????????? | | ##????# #######??????????????? ????????????? | | ##???# #???????????????????????????????????? | | #???# #???????????????????????????????????? | | ##### ####????????????????????????????????? | | ##???????????????????????????????? | | ##### #???????????????????????????????? | | ##???# ##??????????????????????????????? | | ##????# ##?????????????????????????????? | | ##????## ##????????????????????????????? | | #????## #????????????????????????????? | | ##??## #????????????????????????????? | | #??# ##???????####?????????????????? | | #??# ##???????## ##????????????????? | | #??## #######????????# ##???????????????? | +----------------------------------------------------+ Best States ------------- Heat Dissipation 25 Energy Generation 10 Energy Capacity 250 Matter Stores 300 Matter Capacity 500 Sight Range 16 Terrain Scan Density 10 Evasion (%) 40 Recoil Reduction 2 Item Schematics ----------------- None Robot Schematics ------------------ O-16 Technician | -10/Materials | Hacked Fabricated ------------ Nothing Alien Tech Used ----------------- None Achievements -------------- None Challenges ------------ None Game ------ Seed RefineryCorruptionAirjet Manual? 0 Play Time 00:21:13 Cumulative 268.8 hours Start 2019.11.14 @ 21:57:28 End 2019.11.14 @ 22:17:17 Sessions 1 Manual Loads 0 Difficulty Rogue Special Mode None Game No. 213 Rogue 213 Adventurer 0 Explorer 0 Win Type - Total 3 Types 3/0/0/0/0/0/0 Lore% 74 Gallery% 78 Achievement% 55 Wizard Run 0 Options --------- ASCII 0 Keyboard 0 Movement Mouse Keybinds 1 Fullscreen 2 Font 24/Smallcaps Map View 76x50 Tactical HUD 1 Map Filters NONE Filters NONE Steam 1 RUN: b4918846-6b5b-482e-9ef2-3e094c448bd6